 Dungeon Crawl Stone Soup version 0.30-a0-777-ga9a30cbeda (webtiles) character file.

Game seed: 8649243735203360932

149 Leeroy the Slasher (level 5, -1/28 HPs)
             Began as a Vine Stalker Warper on Feb 14, 2023.
             Slain by an orc wizard
             ... wielding a +0 dagger of venom
              (2 damage)
             ... on level 4 of the Dungeon.
             The game lasted 00:03:32 (2876 turns).

Leeroy the Slasher (Vine Stalker Warper)            Turns: 2876, Time: 00:03:33

Health: -1/28      AC:  3    Str: 14    XL:     5   Next: 31%
Magic:  0/9        EV: 12    Int: 13    God:
Gold:   175        SH:  0    Dex: 15    Spells: 1/8 levels left

rFire   . . .      SeeInvis .    k - +1 short sword (drain)
rCold   . . .      Faith    .    (no shield)
rNeg    . . .      Spirit   +    b - +0 leather armour
rPois   .          Reflect  .    (no helmet)
rElec   .          Harm     .    (no cloak)
rCorr   .          Rampage  .    (no gloves)
Will    .....                    (no boots)
Stlth   +                        (no amulet)
HPRegen 1.04/turn                (no ring)
MPRegen 0.11/turn                (no ring)

@: lethally poisoned (-1 -> -4), attractive
A: fangs 2, regeneration 1, magic shield, antimagic bite, no potion heal 2
a: no special abilities


You were on level 4 of the Dungeon.
You visited 1 branch of the dungeon, and saw 4 of its levels.

You collected 175 gold pieces.

Inventory:

Hand Weapons
 a - a +0 falchion
 k - a +1 short sword of draining (weapon)
Missiles
 d - 7 boomerangs of dispersal (quivered)
 q - 5 poisoned darts
Armour
 b - a +0 leather armour (worn)
Wands
 n - a wand of iceblast (11)
 r - a wand of flame (15)
Scrolls
 c - a scroll of blinking
 e - 3 scrolls of identify {unknown}
 f - 3 scrolls of fear {unknown}
 g - a scroll of acquirement {unknown}
 j - a scroll of enchant weapon {unknown}
 l - 4 scrolls of teleportation {unknown}
 o - a scroll of fog {unknown}
 p - a scroll of vulnerability {unknown}
 s - a scroll of enchant armour {unknown}
 t - a scroll of torment {unknown}
Potions
 h - 2 potions of attraction
 i - 2 potions of degeneration {unknown}
 m - 4 potions of lignification {unknown}
 u - a potion of curing {unknown}


   Skills:
 - Level 3.3 Fighting
 - Level 3.5 Long Blades
 - Level 0.8 Throwing
 - Level 0.7 Armour
 - Level 2.0 Dodging
 + Level 2.4 Spellcasting
 - Level 3.0 Translocations


You had one spell level left.
You knew the following spells:

 Your Spells              Type           Power      Damage    Failure   Level
a - Blink                 Tloc           18%        N/A       14%         2
b - Vhi's Electric Charg  Tloc/Air       10%        N/A       45%         3
c - Wereblood             Tmut           1%         N/A       43%         2

Your spell library contained the following spells:

 Spells                   Type           Power      Damage    Failure   Level
 Lesser Beckoning         Tloc           18%        N/A       14%         2
 Momentum Strike          Conj/Tloc      10%        3d8       26%         2
 Teleport Other           Tloc           9%         N/A       26%         3
 Sublimation of Blood     Necr           1%         N/A       43%         2
 Manifold Assault         Tloc           9%         N/A       65%         4
 Summon Hydra             Summ           0%         N/A       100%        7


Dungeon Overview and Level Annotations

Branches:
Dungeon (4/15)
 Temple: D:4-7

Altars:


Innate Abilities, Weirdness & Mutations

You have extremely sharp teeth.
Your natural rate of healing is unusually fast.
When hurt, damage is shared between your health and your magic reserves.
Your bite disrupts and absorbs the magic of your enemies.
Potions cannot restore your health.


Message History

You hit the orc wizard but do no damage.
You feel sick.
The orc wizard mumbles some strange words.
The orc wizard flickers and vanishes!
Deactivating autopickup; reactivate with Ctrl-A.
The orc priest mumbles some strange prayers to Beogh against you.
Something writhes in agony.
You hit something. You bite something.
You feel sick.
A quokka comes into view.
The orc barely misses you.
You hear some strange, mumbled words.
Something tries to affect you, but you resist.
You hit the orc. You punch the orc. Your bite misses the orc.
The orc is moderately wounded.
You feel sick. The orc hits you but does no damage.
You hear some strange, mumbled words.
A magic dart appears from out of thin air!
The magic dart hits you.
* * * LOW HITPOINT WARNING * * *
The quokka bites you but does no damage.
You hit the orc but do no damage. You drain the orc.
You bite the orc, but do no damage.
The orc is severely wounded.
You feel sick. The orc hits you but does no damage. The orc barely misses you.
The quokka bites you.
You hit the orc. You bite the orc.
You kill the orc!
You feel sick. The orc misses you. Something hits you.
* * * LOW HITPOINT WARNING * * *
You are lethally poisoned!
The quokka barely misses you.
It was a potion of attraction.
You feel attractive to monsters.
* * * LOW HITPOINT WARNING * * *
You feel very sick.
The quokka bites you but does no damage.
The orc closely misses you.
The orc priest looks braver for a moment.
Something hits you.
You die...

....... ......#
....... .......
....... #
##.......
...####........
.......ro......
.......@o......
.....#†{)......
.... ##...r....
... #........
.. ......... .
...#####. ...#
##..#


You could see an orc priest, an orc and 2 quokkas.

Vanquished Creatures
  A hound (D:4)
  4 adders
  A worm (D:3)
  A dart slug (D:1)
  2 orcs
  4 bats
  7 endoplasms
  5 giant cockroaches
  6 goblins
  7 hobgoblins
  7 jackals
  6 quokkas
  3 ball pythons
  3 frilled lizards (D:2)
  8 kobolds
  7 rats
72 creatures vanquished.

Vanquished Creatures (others)
  4 fungi (D:3)
  A plant (D:3)
5 creatures vanquished.

Grand Total: 77 creatures vanquished

Notes
Turn   | Place    | Note
-------+----------+-------------------------------------------
     0 | D:1      | Leeroy the Vine Stalker Warper began the quest for the Orb.
     0 | D:1      | Reached XP level 1. HP: 11/11 MP: 4/4
    81 | D:1      | Reached XP level 2. HP: 12/15 MP: 4/6
   434 | D:1      | Reached XP level 3. HP: 16/18 MP: 7/7
  1186 | D:2      | Learned a level 2 spell: Blink
  1190 | D:2      | Learned a level 3 spell: Vhi's Electric Charge
  1217 | D:2      | Gained mutation: Your natural rate of healing is unusually
                  | fast. [Vine Stalker growth]
  1217 | D:2      | Reached XP level 4. HP: 20/23 MP: 8/8
  1909 | D:3      | Learned a level 2 spell: Wereblood
  2805 | D:3      | Found a faded altar of an unknown god.
  2865 | D:4      | Reached XP level 5. HP: 24/28 MP: 6/9
  2876 | D:4      | HP: 1/28 [poisoned by an orc wizard]
  2876 | D:4      | Slain by an orc wizard

Illustrated notes

Levels and vault maps discovered:
D:1:      reono_arrival_forest_river, layout_basic, minivault_5
D:2:      layout_basic, st_stairs_5
D:3:      layout_loops_corners, shapermc_ecumenical_altar_hornbeckon
D:4:      layout_layer_cave, temple_fountains

Skill      XL: |  1  2  3  4 |
---------------+-------------+-----
Long Blades    | 2 3 |  3.5
Dodging        | 2 |  2.0
Fighting       | 3 |  3.3
Throwing       | |  0.8
Armour         | |  0.7
Spellcasting   | |  2.4
Translocations | |  3.0

Action                     |  1- 3 |  4- 6 || total
---------------------------+-------+-------++-------
  Melee: Falchion          |   101 |       ||   101
         Bite              |    24 |    17 ||    41
         Short sword       |    17 |    69 ||    86
         Punch             |       |     1 ||     1
    Use: Potion            |       |     1 ||     1
   Stab: Sleeping          |     2 |       ||     2
 Armour: Leather armour    |    37 |    16 ||    53
  Dodge: Dodged            |    80 |    37 ||   117

Table legend: (Time is in decaauts)
 A = Elapsed time spent in this place.
 B = Non-inter-level travel time spent in this place.
 C = Inter-level travel time spent in this place.
 D = Time resting spent in this place.
 E = Time spent auto-exploring this place.
 F = Levels seen in this place.
 G = Mean time per level.
                   A        B        C        D        E       F      G
               +--------+--------+--------+--------+--------+-----+--------+
         Total |   2892 |   2801 |     91 |      0 |   2358 |   4 |  723.0 |
       Dungeon |   2892 |   2801 |     91 |      0 |   2358 |   4 |  723.0 |
               +--------+--------+--------+--------+--------+-----+--------+

Top non-repeatable levels by time:
     D:1: 1017 daAuts
     D:3: 954 daAuts
     D:2: 904 daAuts
     D:4: 16 daAuts
